 Dungeon Crawl Stone Soup version 0.30-a0-1018-g25214051b3 (webtiles) character file.

Game seed: 4095491665828729854

23 gelatine the Gusty (level 2, 0/30 HPs)
             Began as a Demonspawn Air Elementalist on Apr 7, 2023.
             Slain by an adder (1 damage)
             ... on level 1 of the Dungeon.
             The game lasted 00:01:55 (970 turns).

gelatine the Gusty (Demonspawn Air Elementalist)     Turns: 970, Time: 00:01:56

Health: 0/30       AC: 21    Str:  7 (8)  XL:     2   Next: 75%
Magic:  2/5        EV:  2    Int: 19 (22) God:
Gold:   54         SH:  0    Dex: 10 (13) Spells: 4/5 levels left

rFire   . . .      SeeInvis .    h - +0 short sword
rCold   . . .      Faith    .    (no shield)
rNeg    . . .      Spirit   .    a - melded +0 robe
rPois   +          Reflect  .    (helmet currently unavailable)
rElec   .          Rampage  .    (cloak currently unavailable)
rCorr   .          NoTele   +    (gloves currently unavailable)
Will    .....                    (boots currently unavailable)
Stlth   ++                       (no amulet)
HPRegen 0.25/turn                k - +6 ring of intelligence
MPRegen 0.09/turn                (no ring)

@: tree-form
A: stationary, stasis, torment immunity, boosted hp, demonic magic 1
a: no special abilities


You were on level 1 of the Dungeon.
You were a tree.
You visited 1 branch of the dungeon, and saw 2 of its levels.

You collected 54 gold pieces.

Inventory:

Hand Weapons
 f - a +0 club
 h - a +0 short sword (weapon)
Armour
 a - a +0 robe (melded)
Jewellery
 k - a +6 ring of intelligence (left branch)
Scrolls
 d - a scroll of vulnerability {unknown}
 g - 3 scrolls of identify {unknown}
 i - a scroll of teleportation {unknown}
 j - a scroll of blinking {unknown}
Potions
 b - a potion of magic


   Skills:
 * Level 0.3 Fighting
 * Level 1.8 Dodging
 + Level 2.0 Stealth
 + Level 2.1 Spellcasting
 * Level 1.1 Conjurations
 * Level 3.3 Air Magic


You had 4 spell levels left.
You knew the following spells:

 Your Spells              Type           Power      Damage    Failure   Level
a - Shock                 Conj/Air       40%        1d5       7%          1

Your spell library contained the following spells:

 Spells                   Type           Power      Damage    Failure   Level
 Static Discharge         Conj/Air       20%        2-3/arc   10%         2
 Swiftness                Air            14%        N/A       13%         3
 Airstrike                Air            7%         2d(1-17)  38%         4


Dungeon Overview and Level Annotations

Branches:
Dungeon (2/15)

Altars:


Innate Abilities, Weirdness & Mutations

You are a tree.
Your roots penetrate the ground, keeping you stationary.
You cannot be teleported.
You are immune to unholy pain and torment.
Your maximum health is greatly increased.
Your equipment is partially melded.
Spells you cast may paralyse adjacent enemies.


Message History

There is a stone staircase leading up here.
The adder bites you.
You are poisoned.
The adder poisons you!
The giant cockroach bites you but does no damage.
The adder bites you.
* * * LOW HITPOINT WARNING * * *
You climb upwards.
* * * LOW HITPOINT WARNING * * *
You feel sick.
There is a stone staircase leading down here.
It was a potion of lignification.
You turn into a tree.
Your +0 robe melds into your body.
Your roots penetrate the ground.
You feel sick.
The giant cockroach bites you but does no damage.
The adder bites you.
* * * LOW HITPOINT WARNING * * *
The giant cockroach bites you but does no damage.
It was a potion of degeneration.
There was something very wrong with that liquid.
You feel weakened.
You feel dopey.
You feel clumsy.
* * * LOW HITPOINT WARNING * * *
You feel sick. The adder bites you but does no damage.
The giant cockroach bites you but does no damage.
You hit the adder but do no damage.
* * * LOW HITPOINT WARNING * * *
You feel sick. The adder bites you but does no damage.
The giant cockroach bites you but does no damage.
You miss the adder.
* * * LOW HITPOINT WARNING * * *
You feel sick. The adder bites you but does no damage.
The giant cockroach bites you but does no damage.
The adder bites you but does no damage.
You barely miss the adder.
* * * LOW HITPOINT WARNING * * *
You feel sick.
You are no longer poisoned.
The giant cockroach bites you but does no damage.
The adder bites you.
You die...

.....# #.#.#.#######.##.#.##
####.# #.............#.###.###
#.# #.#.#..#####...## ##...
#.######......# #..#)###.##.
#........#.##.# #.....#.###.
#..#######.##.# #..###.## ##
####..#######.##.#####..# #.#
...).......)...B........# #.#####
####..#######.#.♣##.###.###......
#..........#S.##.##...##..####
##.#########..##.#............
#.# ######..##......##..#### #.#
#...................### #.#
#.####..###...........#
#####.####.# #.............##.#
...........####.#...........##.#
#####...........#.###.[.....##.#


You could see an adder and a giant cockroach.

Vanquished Creatures
  A worm (D:2)
  3 endoplasms (D:1)
  2 giant cockroaches (D:1)
  4 goblins (D:1)
  A hobgoblin (D:1)
  A kobold (D:1)
  A ball python (D:1)
  3 bats (D:1)
  3 rats (D:1)
19 creatures vanquished.

Notes
Turn   | Place    | Note
-------+----------+-------------------------------------------
     0 | D:1      | gelatine the Demonspawn Air Elementalist began the quest
                  | for the Orb.
     0 | D:1      | Reached XP level 1. HP: 13/13 MP: 3/3
   230 | D:1      | Reached skill level 3 in Air Magic
   319 | D:1      | Gained mutation: Spells you cast may paralyse adjacent
                  | enemies. [demonic ancestry]
   319 | D:1      | Reached XP level 2. HP: 20/20 MP: 1/5
   869 | D:1      | Found a faded altar of an unknown god.
   869 | D:1      | Noticed a crimson imp
   970 | D:1      | HP: 1/30 [poisoned by an adder]
   970 | D:1      | Slain by an adder

Illustrated notes

Levels and vault maps discovered:
D:1:      nzn_arrival_crosshair, layout_loops_ring,
          dreamdust_ecumenical_altar_sealed_demon
D:2:      layout_rooms, serial_glass, glass_columns_c, glass_columns_a

Skill      XL: |  1  2 |
---------------+-------+-----
Air Magic      | 3 |  3.3
Stealth        | 2 |  2.0
Fighting       | |  0.3
Dodging        | |  1.8
Spellcasting   | |  2.1
Conjurations   | |  1.1

Action                     || total
---------------------------++-------
  Melee: Club              ||     2
         Short sword       ||    11
   Cast: Shock             ||    32
    Use: Potion            ||     2
   Stab: Paralysed         ||     3
 Armour: Skin              ||    10
         Robe              ||     4
  Dodge: Dodged            ||    17

Table legend: (Time is in decaauts)
 A = Elapsed time spent in this place.
 B = Non-inter-level travel time spent in this place.
 C = Inter-level travel time spent in this place.
 D = Time resting spent in this place.
 E = Time spent auto-exploring this place.
 F = Levels seen in this place.
 G = Mean time per level.
                   A        B        C        D        E       F      G
               +--------+--------+--------+--------+--------+-----+--------+
         Total |    969 |    944 |     25 |      0 |    828 |   2 |  484.5 |
       Dungeon |    969 |    944 |     25 |      0 |    828 |   2 |  484.5 |
               +--------+--------+--------+--------+--------+-----+--------+

Top non-repeatable levels by time:
     D:1: 944 daAuts
     D:2: 24 daAuts
